 Dungeon Crawl Stone Soup version 0.29-a0-920-g5d2155ec51 (webtiles) character file.

Game seed: 18079980981074567335

49 Ajdolov the Cudgeller (level 3, -1/19 HPs)
             Began as a Vine Stalker Fighter on July 27, 2022.
             Shot with a sling bullet by a goblin (2 damage)
             ... on level 2 of the Dungeon.
             The game lasted 00:01:22 (1324 turns).

Ajdolov the Cudgeller (Vine Stalker Fighter)        Turns: 1324, Time: 00:01:23

Health: -1/19      AC:  6    Str: 20    XL:     3   Next: 77%
Magic:  0/4        EV:  9    Int:  8    God:
Gold:   114        SH:  4    Dex: 13    Spells: 2/2 levels left

rFire   . . .      SeeInvis .   a - +0 flail
rCold   . . .      Faith    .   c - +0 buckler
rNeg    . . .      Spirit   +   b - +0 scale mail
rPois   .          Reflect  .   (no helmet)
rElec   .          Harm     .   (no cloak)
rCorr   .          Rampage  .   (no gloves)
Will    .....                   (no boots)
Stlth   ..........              (no amulet)
HPRegen 0.06/turn               (no ring)
MPRegen 0.09/turn               (no ring)

@: no status effects
A: fangs 2, magic shield, antimagic bite, no potion heal 2
a: no special abilities


You were on level 2 of the Dungeon.
You visited 1 branch of the dungeon, and saw 2 of its levels.

You collected 114 gold pieces.

Inventory:

Hand Weapons
 a - a +0 flail (weapon)
Armour
 b - a +0 scale mail (worn)
 c - a +0 buckler (worn)
Scrolls
 e - a scroll of fog {unknown}
 f - a scroll of amnesia {unknown}
 g - 2 scrolls of identify {unknown}
 h - 2 scrolls of teleportation {unknown}
Potions
 d - 5 potions of might
 i - 2 potions of resistance {unknown}


   Skills:
 - Level 2.6 Fighting
 + Level 3.6 Maces & Flails
 - Level 2.4 Armour
 - Level 2.6 Shields


You had 2 spell levels left.
You didn't know any spells.
Your spell library contained the following spells:

 Spells                   Type           Power      Damage    Failure   Level
 Shock                    Conj/Air       0%         1d3       86%         1
 Ignite Poison            Fire/Tmut/Pois 0%         N/A       99%         3
 Mephitic Cloud           Conj/Pois/Air  0%         N/A       99%         3
 Swiftness                Air            0%         N/A       99%         3
 Airstrike                Air            0%         0-1+      100%        4
 Freezing Cloud           Conj/Ice/Air   0%         6-21      100%        5


Dungeon Overview and Level Annotations

Branches:
Dungeon (2/15)

Altars:

Annotations:
D:2 Sigmund


Innate Abilities, Weirdness & Mutations

You have extremely sharp teeth.
When hurt, damage is shared between your health and your magic reserves.
Your bite disrupts and absorbs the magic of your enemies.
Potions cannot restore your health.


Message History

The endoplasm hits you but does no damage.
The bat hits you but does no damage. The bat closely misses you.
The endoplasm attacks as you move away!
The endoplasm hits you but does no damage.
You block the bat's attack. The bat hits you but does no damage.
Sigmund mumbles some strange words.
Sigmund flickers and vanishes!
Deactivating autopickup; reactivate with Ctrl-A.
The endoplasm attacks as you move away!
The endoplasm hits you but does no damage.
The bat hits you but does no damage. The endoplasm attacks as you move away!
You block the endoplasm's attack. The bat hits you but does no damage.
The endoplasm attacks as you move away! The endoplasm hits you.
The bat barely misses you. The bat attacks as you move away!
The bat closely misses you. You block the bat's attack.
You hit the bat.
You kill the bat!
The endoplasm hits you.
You hit the endoplasm.
You kill the endoplasm!
Something hits you.
A goblin comes into view. It is wielding a +0 dagger.
The goblin shouts!
You block something's attack.
The goblin unwields a +0 dagger.
The goblin wields a +0 sling.
The goblin shoots a sling bullet.
You block the sling bullet.
The goblin shoots a sling bullet.
You block the sling bullet.
The goblin shoots a sling bullet.
You block the sling bullet.
The goblin shoots a sling bullet.
The sling bullet hits you.
* * * LOW HITPOINT WARNING * * *
The goblin shoots a sling bullet.
The sling bullet barely misses you.
The goblin shoots a sling bullet.
The sling bullet hits you.
* * * LOW HITPOINT WARNING * * *
You see here a frilled lizard corpse.
The goblin shoots a sling bullet.
The sling bullet closely misses you.
The goblin shoots a sling bullet.
The sling bullet hits you.
You die...

######### #.......#
.#######..<....#
..........@..†.#
...............##....
....>.......†..##....
.............##...#
#...#.....r.##...#
###.#........g...##
#.........#......
###.......###.### #
#.............# ...


You could see a goblin and a rat.

Vanquished Creatures
  A gnoll (D:1)
  A dart slug (D:1)
  2 ball pythons
  5 bats
  2 endoplasms
  4 giant cockroaches (D:1)
  5 hobgoblins
  2 kobolds
  3 frilled lizards
  4 goblins
  6 rats
35 creatures vanquished.

Notes
Turn   | Place    | Note
-------+----------+-------------------------------------------
     0 | D:1      | Ajdolov the Vine Stalker Fighter began the quest for the
                  | Orb.
     0 | D:1      | Reached XP level 1. HP: 11/11 MP: 2/2
   189 | D:1      | Reached skill level 2 in Maces & Flails
   210 | D:1      | Reached XP level 2. HP: 10/16 MP: 3/3
   424 | D:1      | Reached skill level 3 in Maces & Flails
   458 | D:1      | Reached XP level 3. HP: 19/19 MP: 4/4
   945 | D:1      | Found a faded altar of an unknown god.
  1297 | D:2      | Noticed Sigmund
  1324 | D:2      | Shot with a sling bullet by a goblin

Illustrated notes

Levels and vault maps discovered:
D:1:      lemuel_arrival_behind_the_door_small, layout_loops_ring,
          shapermc_ecumenical_altar_mp_highgroup
D:2:      layout_rooms, basic_altar, hangedman_decor_opposing,
          minmay_fractal_squares_gapless_5, uniq_sigmund

Skill      XL: |  1  2 |
---------------+-------+-----
Maces & Flails | 2 3 |  3.6
Fighting       | |  2.6
Armour         | |  2.4
Shields        | |  2.6

Action                   || total
-------------------------++-------
Melee: Flail             ||    78
       Bite              ||    17
Armor: Scale mail        ||    35
Dodge: Dodged            ||    43
Block: Buckler           ||    25

Table legend: (Time is in decaauts)
 A = Elapsed time spent in this place.
 B = Non-inter-level travel time spent in this place.
 C = Inter-level travel time spent in this place.
 D = Time resting spent in this place.
 E = Time spent auto-exploring this place.
 F = Levels seen in this place.
 G = Mean time per level.
                   A        B        C        D        E       F      G
               +--------+--------+--------+--------+--------+-----+--------+
         Total |   1346 |   1321 |     25 |      0 |   1093 |   2 |  673.0 |
       Dungeon |   1346 |   1321 |     25 |      0 |   1093 |   2 |  673.0 |
               +--------+--------+--------+--------+--------+-----+--------+

Top non-repeatable levels by time:
     D:1: 1215 daAuts
     D:2: 131 daAuts
